 Dungeon Crawl Stone Soup version 0.19.1 (webtiles) character file.

720447 Ladykiller69 the Severer (level 27, 0/273 (278) HPs)
             Began as a Formicid Fighter on Nov 26, 2016.
             Was the Champion of Cheibriados.
             Killed by divine providence
             ... invoked by a smoke demon
              (8 damage)
             ... in the Vestibule of Hell on Dec 4, 2016.
             The game lasted 08:14:26 (63837 turns).

Ladykiller69 the Severer (Formicid Fighter)        Turns: 63837, Time: 08:14:26

HP:   0/273 (278)   AC: 19    Str: 37      XL:     27
MP:   6/30          EV: 28    Int: 38 (39) God:    Cheibriados [******]
Gold: 6123          SH: 30    Dex: 17 (24) Spells: 12 memorised, 3 levels left

rFire  + . .     SeeInvis +     f - +2 battleaxe (elec)
rCold  . . .     Gourm    .     (armour currently unavailable)
rNeg   + + +     Faith    .     k - +2 large shield {rF+}
rPois  ∞         Spirit   .     (helmet unavailable)
rElec  +         Reflect  .     T - +2 ratskin cloak {rPois rN+ Int-1 Dex-1}
rCorr  .         Harm     .     (gloves currently unavailable)
MR     ++...     Clarity  +     (boots currently unavailable)
Stlth  ++........               C - amulet of regeneration
                                K - ring "Gapuplobea" {rPois rN+}
                                q - ring of Dyas {rN+ Str+3 Int+4}

@: statue-form, corroded, repel missiles, very slow
A: permanent stasis, dig shafts and tunnels, four strong arms, antennae 3,
repulsion field 1, large bone plates 1, clarity, deterioration 1, low mp 3, weak
1
a: Dig, Shaft Self, End Transformation, Bend Time, Temporal Distortion, Slouch,
Step From Time, Renounce Religion
}: 4/15 runes: decaying, serpentine, slimy, silver


You were in the Vestibule of Hell.
You worshipped Cheibriados.
Cheibriados was exalted by your worship.
You were hungry.
You were a stone statue.
You visited 14 branches of the dungeon, and saw 61 of its levels.
You visited 1 bazaar.
You also visited: Bailey, Ice Cave and Volcano.

You collected 8207 gold pieces.
You spent 2084 gold pieces at shops.

Inventory:

Hand Weapons
 f - a +2 battleaxe of electrocution (weapon)
 N - a +2 executioner's axe of protection
Armour
 k - a +2 large shield of fire resistance (worn)
 t - a +1 pair of gloves of strength (melded)
 v - a +10 plate armour of positive energy (melded)
 E - the +0 pair of boots "Vetawa" (melded) {rElec}
   (You found it on level 2 of the Swamp)

   It insulates you from electricity.
 T - the +2 ratskin cloak (worn) {rPois rN+ Int-1 Dex-1}
   (You found it on level 1 of the Depths)

   It affects your intelligence (-1).
   It affects your dexterity (-1).
   It protects you from poison.
   It protects you from negative energy.
Magical Staves
 e - an uncursed staff of power
 y - an uncursed staff of wizardry
Jewellery
 c - an uncursed ring of wizardry
 q - the ring of Dyas (left hand) {rN+ Str+3 Int+4}
   (You found it on level 3 of the Crypt)

   [ring of positive energy]

   It affects your strength (+3).
   It affects your intelligence (+4).
   It protects you from negative energy.
 z - an uncursed ring of protection from cold
 C - an amulet of regeneration (around neck)
 I - a +3 amulet of reflection
 K - the ring "Gapuplobea" (right hand) {rPois rN+}
   (You found it on level 3 of the Crypt)

   [ring of positive energy]

   It protects you from poison.
   It protects you from negative energy.
 O - an uncursed ring of protection from fire
 P - an uncursed ring of protection from magic
 R - an uncursed ring of resist corrosion
 W - an uncursed amulet of magic regeneration
Scrolls
 a - 2 scrolls of silence
 h - 17 scrolls of identify
 n - 4 scrolls of holy word
 o - 9 scrolls of fog
 r - 9 scrolls of magic mapping
 s - 6 scrolls of noise
 w - 22 scrolls of remove curse
 B - 12 scrolls of amnesia
 D - 7 scrolls of recharging
 H - 8 scrolls of enchant weapon
 Q - 5 scrolls of fear
 X - a scroll of summoning
Potions
 d - 9 potions of might
 g - 3 potions of cure mutation
 j - 5 potions of heal wounds
 l - 3 potions of invisibility
 u - 13 potions of curing
 x - 4 potions of agility
 F - 7 potions of lignification
 G - 2 potions of ambrosia
 M - 3 potions of magic
 S - 6 potions of resistance
 U - 3 potions of cancellation
 Z - 8 potions of brilliance
Books
 m - the Disquisition on Displaced Beguiling
   (You found it on level 5 of the Pits of Slime)

   Spells                             Type                      Level
   a - Shroud of Golubria             Charms/Translocation         2
   b - Ensorcelled Hibernation        Hexes/Ice                    2
   c - Confuse                        Hexes                        3
   d - Portal Projectile              Translocation                3
   e - Cause Fear                     Hexes                        4
   f - Metabolic Englaciation         Hexes/Ice                    5
 p - the Catalogue of Weightlessness
   (You found it on level 5 of the Pits of Slime)

   Spells                             Type                      Level
   a - Shock                          Conjuration/Air              1
   b - Summon Lightning Spire         Summoning/Air                4
   c - Deflect Missiles               Charms/Air                   6
   d - Tornado                        Air                          9
 L - a Fen Folio

   Spells                             Type                      Level
   a - Corpse Rot                     Necromancy                   2
   b - Stone Arrow                    Conjuration/Earth            3
   c - Leda's Liquefaction            Hexes/Earth                  4
   d - Summon Forest                  Summoning/Translocation      5
   e - Hydra Form                     Transmutation                6
   f - Summon Hydra                   Summoning                    7
 V - the Volume of Lightness and Ice
   (You found it on level 5 of the Pits of Slime)

   Spells                             Type                      Level
   a - Throw Frost                    Conjuration/Ice              2
   b - Ozocubu's Armour               Charms/Ice                   3
   c - Poisonous Cloud                Conjuration/Poison/Air       6
   d - Ozocubu's Refrigeration        Ice                          6
Miscellaneous
 b - a phial of floods
Comestibles
 i - 17 slices of pizza
 A - 14 meat rations
 J - 30 bread rations
 Y - 22 fruits


   Skills:
 - Level 17.0 Fighting
 - Level 20.0 Axes
 - Level 19.1 Armour
 - Level 18.0 Dodging
 - Level 16.3 Shields
 - Level 16.0 Spellcasting
 - Level 17.0 Conjurations
 - Level 4.2 Hexes
 + Level 14.4 Charms
 + Level 14.5 Necromancy
 - Level 4.0 Translocations
 - Level 13.0 Transmutations
 - Level 16.0 Earth Magic
 - Level 16.2 Invocations


You had 3 spell levels left.
You knew the following spells:

 Your Spells              Type           Power        Failure   Level  Hunger
a - Shroud of Golubria    Chrm/Tloc      #######...   1%          2    None
b - Spectral Weapon       Hex/Chrm       #######.     1%          3    None
c - Regeneration          Chrm/Necr      #######...   0%          3    None
d - Throw Icicle          Conj/Ice       #######.     1%          4    None
e - Statue Form           Tmut/Erth      #######..    1%          6    None
f - Orb of Destruction    Conj           ########..   1%          7    ###....
g - Corona                Hex            ######.      1%          1    None
h - Iron Shot             Conj/Erth      ########..   1%          6    None
i - Iskenderun's Battles  Conj/Chrm      ########     1%          5    None
j - Death's Door          Chrm/Necr      #######...   21%         8    #####..
k - Borgnjor's Revivific  Necr           #######...   21%         8    #####..
l - Repel Missiles        Chrm/Air       ######       1%          2    None


Dungeon Overview and Level Annotations

Branches:
Dungeon (15/15)            Temple (1/1) D:5            Lair (6/6) D:11
  Swamp (4/4) Lair:2        Snake (4/4) Lair:2        Slime (5/5) Lair:5
    Orc (2/2) D:11            Elf (3/3) Orc:2        Vaults (5/5) D:13
  Crypt (3/3) Vaults:2       Tomb (2/3) Crypt:3      Depths (5/5) D:15
   Hell (1/1)                 Zot (5/5) Depths:5
    Dis: Hell:1         Geh: Hell:1         Coc: Hell:1         Tar: Hell:1

Altars:
Ashenzari
Cheibriados
Fedhas
Gozag
Kikubaaqudgha
Makhleb
Okawaru
Qazlal
Ru
Sif Muna
Trog
Uskayaw
Vehumet
Xom
Beogh

Shops:
D:15 ((?!   Orc:2 (*=%:((?(   Elf:3 ?   Depths:3 =}}%   Depths:5 [

Portals:
Hell: Depths:1 Depths:2 Depths:3 Depths:4 Depths:5
Abyss: Depths:4 Depths:5
Pandemonium: Depths:1 Depths:3
Ziggurat: Depths:2

Annotations:
D:4 Crazy Yiuf
Slime:1 EYES SHINING EYES
Slime:2 exclusion: upstairs
Hell Geryon
Zot:5 1 exclusion


Innate Abilities, Weirdness & Mutations

You are under a permanent stasis effect.
You can dig through walls and to a lower floor.
Your four strong arms can wield two-handed weapons with a shield.
You have a pair of large antennae on your head. (SInv)
You are surrounded by a mild repulsion field. (EV +2)
(You are partially covered in large bone plates. (SH +4))
You possess an exceptional clarity of mind.
Your body sometimes deteriorates upon taking damage.
Your magical capacity is extremely low. (-30% MP)
You are weak. (Str -2)


Message History

The hell hog squeals angrily.
You hear a shout!
You hear a chilling moan.
You hear a shout!
You hear a roar!
You hear a screech!
Something roars, "I will devour thy heart!"
A fire elemental and a soul eater come into view.
Okay, then.
Okay, then.
Press: ? - help, v - describe, . - travel
Here: a hell hog The floor.
As you read the scroll of holy word, it crumbles to dust.
You speak a Word of immense power!
The soul eater convulses!
The hell hog convulses! x3; The reaper convulses!
The smoke demon convulses!
The reaper is lost in a daze.
The hell hog is lost in a daze.
The hell hog breathes fire at you.
The fireball explodes!
The fireball engulfs the hell hog.
The hell hog resists.
The fireball engulfs you! You resist.
* * * LOW HITPOINT WARNING * * *
The smoke demon gestures at you. Something smites you!
You die...

......§......3.
......§......2.
.......E....h...
................
...................
...........h.......
.........h.........
........8...3......
...................
...................
........)..........
...................
≈..9......∩........
..∩.............∩..
≈..................
...................


You could see a reaper (dazed), a soul eater (dazed), 3 hell hogs, a war
gargoyle, a smoke demon (dazed) and a fire elemental.

Vanquished Creatures
  the Royal Jelly (Slime:5)
  Khufu (Tomb:1)
  2 orbs of fire
  3 ancient liches (Crypt:3)
  Mennas (Depths:3)
  2 juggernauts (Depths:3)
  3 greater mummies (Tomb:1)
  the Lernaean hydra (Swamp:4)
  Saint Roka (Elf:2)
  3 caustic shrikes (Depths:3)
  2 curse toes
  5 golden dragons
  Nikola (Depths:1)
  the Enchantress (Depths:5)
  A bone dragon (Crypt:3)
  3 electric golems
  6 liches
  22 tentacled monstrosities
  3 Orb Guardians (Zot:5)
  Rupert (Lair:6)
  7 titans
  29 acid blobs
  2 quicksilver dragons (Zot:1)
  3 deep elf blademasters
  16 sphinxes
  Gastronok (D:11)
  Frances (Elf:1)
  2 ancient champions
  14 shadow dragons
  3 thorn hunters
  Agnes (Elf:2)
  8 death cobs
  Kirke (D:12)
  12 nagarajas
  3 tengu reavers
  9 draconian monks
  18 storm dragons
  4 revenants
  10 frost giants
  14 azure jellies
  12 vault wardens
  9 fire giants
  5 deep elf sorcerers
  A ghost moth (shapeshifter) (Depths:3)
  Aizul (Depths:1)
  A balrug (Depths:4)
  7 draconian knights
  2 iron dragons
  2 ghost moths
  4 draconian shifters
  3 curse skulls (Crypt:3)
  4 draconian zealots
  A caustic shrike zombie (Depths:3)
  4 draconian scorchers
  8 deep elf elementalists
  5 ghouls
  6 war gargoyles
  5 draconian annihilators
  4 draconian callers
  28 stone giants
  13 very ugly things
  7 spriggan defenders
  6 ironheart preservers
  2 reapers
  The ghost of Philosophy the Cleaver, a journeyman HOFi of Okawaru (D:14)
  4 deep elf demonologists
  4 bennus (Tomb:1)
  9 green draconians
  7 vampire knights
  An entropy weaver (Vaults:2)
  10 black draconians
  A large abomination (Vaults:5)
  A lorocyproca (Hell)
  5 purple draconians
  7 spark wasps (Depths:3)
  A spark wasp (shapeshifter) (Vaults:5)
  9 deep elf annihilators
  7 mottled draconians
  8 white draconians
  18 yellow draconians
  7 red draconians
  An eidolon (Crypt:3)
  21 ettins
  5 deep elf death magi
  12 mummy priests (Tomb:1)
  6 jiangshi
  19 ogre magi
  The ghost of Zorot the Cleaver, a journeyman DsBe of Trog (Lair:2)
  10 death oozes (Slime:5)
  21 yaktaur captains
  4 deep elf high priests
  10 fire dragons
  12 great orbs of eyes
  Erolcha (D:11)
  12 naga warriors
  Fannar (Orc:1)
  A great orb of eyes (shapeshifter) (Vaults:5)
  2 quicksilver dragon skeletons (Crypt:3)
  A quicksilver dragon zombie (Crypt:3)
  14 ice dragons
  7 spriggan air magi
  35 vault guards
  36 hydras
  The ghost of danny2772 the Fighter, a novice OgBe of Trog (Swamp:1)
  4 rakshasas
  A ghost crab (Swamp:3)
  A catoblepas (Lair:5)
  A ghost crab (shapeshifter) (Depths:3)
  The ghost of TotoDurand the Fighter, a journeyman VSFi of Okawaru (Lair:3)
  23 anacondas
  An anaconda (shapeshifter) (Depths:2)
  A hell beast (Depths:1)
  Erica (D:11)
  3 death knights
  22 dancing weapons
  4 deep troll shamans
  15 alligators
  13 tengu warriors
  7 centaur warriors
  8 deep troll earth magi
  5 spriggan berserkers
  21 death scarabs
  9 vampire magi
  13 shock serpents
  8 naga sharpshooters
  16 hell knights
  6 sun demons
  2 soul eaters (Hell)
  A hellephant skeleton (Crypt:2)
  24 deep elf knights
  7 salamander mystics
  An iron troll (Depths:5)
  A sixfirhy (Depths:1)
  An iron giant zombie (Crypt:1)
  23 deep trolls
  A storm dragon skeleton (Crypt:2)
  A small abomination (Elf:3)
  22 skeletal warriors
  2 shadow wraiths
  5 flayed ghosts
  2 anaconda zombies (Crypt:3)
  5 glowing orange brains
  A glowing orange brain (shapeshifter) (Vaults:3)
  A spark wasp zombie (Crypt:1)
  4 unseen horrors
  4 golden dragon zombies
  16 deep elf archers
  3 shambling mangroves
  A gelid demonspawn (Depths:1)
  A lindwurm (shapeshifter) (Depths:3)
  9 swamp dragons
  9 naga ritualists
  A harpy (Vaults:5)
  7 wizards
  13 ironbrand convokers
  4 lindwurms (Snake:4)
  2 golden dragon skeletons
  12 orc knights
  6 phantasmal warriors
  A wolf spider zombie (Crypt:3)
  14 hill giants
  A mana viper (shapeshifter) (Vaults:5)
  5 oklob plants
  2 shadow dragon zombies
  22 mana vipers
  A tengu skeleton (Vaults:5)
  2 manticores (shapeshifter)
  A shining eye (shapeshifter) (D:15)
  46 ugly things
  5 cyclopes
  6 wolf spiders
  8 necromancers
  4 manticores
  4 orc sorcerers
  49 deep elf magi
  15 salamanders
  6 centaur zombies
  7 shining eyes
  3 stone giant zombies
  32 moths of wrath
  The ghost of TotoDurand the Chopper, a novice DDFi of Makhleb (D:6)
  10 guardian serpents
  14 elephants
  A guardian serpent (shapeshifter) (Depths:3)
  A stone giant skeleton (Hell)
  Maurice (D:12)
  3 ice statues (IceCv)
  8 vault sentinels
  A black mamba (shapeshifter) (D:15)
  52 black mambas
  The ghost of Zorot the Conjurer, a novice TeFE (D:8)
  A fire giant skeleton (Crypt:3)
  7 smoke demons (Crypt:3)
  26 naga magi
  Joseph (D:8)
  An eye of devastation (Slime:2)
  A frost giant skeleton (Vaults:5)
  5 gargoyles
  8 rust devils
  An eye of devastation (shapeshifter) (Depths:5)
  33 spiny frogs
  2 torpor snails (Lair:6)
  A catoblepas zombie (Crypt:1)
  A hellion (Depths:3)
  A shock serpent skeleton (Crypt:1)
  5 freezing wraiths
  4 rime drakes
  A demonic crawler (Hell)
  5 tengu conjurers
  A tormentor (Depths:5)
  79 yaktaurs
  2 hellwings (Depths:1)
  5 kobold demonologists
  2 rime drakes (shapeshifter)
  12 komodo dragons
  3 red devils
  A yaktaur skeleton (Vaults:5)
  3 ice devils
  The ghost of TotoDurand the Chopper, an amateur DDFi (D:5)
  A golden dragon simulacrum (Crypt:3)
  16 guardian mummies
  13 trolls
  12 tyrant leeches
  A wind drake (shapeshifter) (Vaults:4)
  2 hydra zombies
  2 polar bears
  40 two-headed ogres
  A troll (shapeshifter) (Depths:2)
  A meliai (shapeshifter) (Depths:4)
  A sphinx simulacrum (Depths:3)
  A merfolk (shapeshifter) (Depths:3)
  20 hornets
  110 slime creatures
  13 blink frogs
  A shadow dragon simulacrum (Vaults:5)
  A meliai zombie (Crypt:1)
  A fire dragon zombie (Crypt:3)
  18 bog bodies
  A hydra skeleton (Crypt:3)
  A slime creature (shapeshifter) (Vaults:5)
  9 dream sheep (Lair:6)
  19 hippogriffs
  An ice dragon zombie (Crypt:3)
  A hippogriff (shapeshifter) (D:15)
  An iron dragon simulacrum (Crypt:2)
  12 air elementals
  A fire dragon skeleton (Crypt:1)
  4 vampires (Crypt:3)
  10 spriggans
  5 shadows
  2 ice dragon skeletons
  A black mamba zombie (Crypt:3)
  8 flying skulls (Tomb:1)
  9 water elementals
  14 wraiths
  A black mamba skeleton (Crypt:3)
  2 humans (shapeshifter)
  17 wyverns
  47 yaks
  5 ushabtiu
  A yak (shapeshifter) (Depths:5)
  4 hungry ghosts
  2 hogs (D:12)
  14 vampire mosquitoes
  2 basilisks (shapeshifter)
  A neqoxec (Depths:3)
  Eustachio (D:4)
  5 basilisks
  4 fire elementals
  2 steam dragons
  2 mottled dragons
  5 golden eyes (Slime:5)
  A warg (shapeshifter) (Depths:2)
  An elf skeleton (Vaults:5)
  2 yaktaur simulacra (Vaults:3)
  5 insubstantial wisps (Swamp:4)
  62 nagas
  A torturous demonspawn zombie (Crypt:2)
  23 swamp worms
  5 wargs
  A hell hound (Lair:5)
  A deep troll zombie (Crypt:1)
  A hydra simulacrum (Hell)
  A water nymph zombie (Crypt:1)
  5 porcupines
  A floating eye (Slime:3)
  An orb spider zombie (Crypt:1)
  A monstrous demonspawn skeleton (Crypt:1)
  18 water moccasins
  A spiny frog zombie (Crypt:1)
  A floating eye (shapeshifter) (D:15)
  32 orc warriors
  A spiny frog skeleton (Crypt:3)
  9 sky beasts
  A hornet zombie (D:13)
  19 swamp drakes
  3 eyes of draining
  2 eyes of draining (shapeshifter)
  8 ice beasts
  An ice beast (shapeshifter) (Vaults:4)
  4 phantoms
  2 black bears
  98 ogres
  A fire dragon simulacrum (Crypt:3)
  2 necrophages (Crypt:1)
  36 centaurs
  A lindwurm zombie (Crypt:1)
  11 wolves
  23 boggarts
  14 crocodiles
  2 big kobolds
  A big kobold (shapeshifter) (Vaults:4)
  32 bullfrogs
  A deep troll simulacrum (Vaults:1)
  2 earth elementals (Elf:3)
  A wyvern zombie (D:10)
  A cyclops zombie (Crypt:2)
  A gnoll sergeant (D:9)
  A hippogriff skeleton (Crypt:2)
  2 wyvern skeletons
  6 scorpions
  14 wights
  4 killer bees (D:11)
  8 howler monkeys
  12 electric eels
  5 bullfrog zombies
  13 crimson imps
  A jelly (shapeshifter) (Depths:3)
  4 quasits
  A wyvern simulacrum (D:14)
  10 hounds
  2 human simulacra (Vaults:3)
  26 jellies
  2 bullfrog skeletons
  2 human zombies
  28 orc priests
  7 centaur skeletons
  An iron imp (Depths:1)
  3 human skeletons (Crypt:1)
  13 worker ants
  7 iguanas
  35 orc wizards
  A lightning spire (Zot:3)
  A crocodile zombie (Crypt:2)
  A felid skeleton (Crypt:2)
  A dwarf skeleton (Crypt:2)
  A hound zombie (D:11)
  2 hound skeletons
  20 mummies
  2 worker ant zombies
  14 adders
  9 gnolls
  4 shadow imps
  3 white imps (Depths:1)
  An ufetubus (Depths:1)
  An adder zombie (D:8)
  2 worms
  2 dart slugs
  7 leopard geckos
  120 orcs
  A ball python (D:2)
  7 bats
  4 giant cockroaches
  12 goblins
  13 hobgoblins
  5 jackals
  21 kobolds
  9 quokkas
  A ball python skeleton (D:4)
  7 frilled lizards
  A gnoll skeleton (Crypt:2)
  A hobgoblin skeleton (Crypt:1)
  A jackal skeleton (D:4)
  2 jackal zombies (D:7)
  A leopard gecko zombie (D:11)
  An orc zombie (Crypt:1)
  A quokka skeleton (D:4)
  6 rats
  2 crawling corpses (Vaults:1)
  3 fungi (Lair:6)
  2 plants
  4 withered plants (Crypt:3)
3024 creatures vanquished.

Vanquished Creatures (collateral kills)
  A death cob (Zot:1)
  A black draconian (Zot:3)
2 creatures vanquished.

Vanquished Creatures (others)
  2 deep elf master archers (Elf:3)
  A vault guard (Vaults:5)
  6 death scarabs (Tomb:2)
  4 naga sharpshooters
  A salamander mystic (Snake:4)
  A deep elf archer (Elf:3)
  An ironbrand convoker (Vaults:2)
  A wizard (Vaults:2)
  2 deep elf magi
  A moth of wrath (Zot:3)
  A cyclops (Vaults:1)
  2 naga magi (Snake:4)
  A water nymph (shapeshifter) (Vaults:5)
  A tengu conjurer (D:15)
  7 yaktaurs
  A spriggan (Swamp:4)
  An air elemental (Depths:3)
  A human (D:12)
  A naga (Snake:2)
  3 ogres
  2 boggarts
  3 bushes (Swamp:4)
  57 fungi
  41 plants
  94 spectral weapons
  35 withered plants (Crypt:3)
271 creatures vanquished.

Grand Total: 3297 creatures vanquished

Notes
Turn   | Place    | Note
-------+----------+-------------------------------------------
     0 | D:1      | Ladykiller69 the Formicid Fighter began the quest for the Orb.
     0 | D:1      | Reached XP level 1. HP: 18/18 MP: 1/1
    67 | D:1      | Reached XP level 2. HP: 22/24 MP: 2/2
   266 | D:1      | Reached XP level 3. HP: 28/29 MP: 3/3
   710 | D:2      | Reached skill level 3 in Axes
   714 | D:2      | Reached XP level 4. HP: 37/37 MP: 4/4
  1107 | D:3      | Noticed an ogre
  1116 | D:3      | Killed an ogre
  1116 | D:3      | Reached XP level 5. HP: 19/42 MP: 5/5
  1289 | D:3      | Reached XP level 6. HP: 48/48 MP: 6/6
  1312 | D:3      | Reached skill level 4 in Axes
  1804 | D:3      | Found an opulent altar of Gozag.
  2181 | D:4      | Noticed Eustachio
  2216 | D:4      | Killed Eustachio
  2216 | D:4      | Reached skill level 5 in Shields
  2216 | D:4      | Reached XP level 7. HP: 38/55 MP: 7/7
  2271 | D:4      | Reached skill level 5 in Axes
  2342 | D:4      | Found a runed door.
  2520 | D:4      | Reached skill level 5 in Fighting
  2520 | D:4      | Reached skill level 5 in Armour
  2553 | D:4      | Reached XP level 8. HP: 41/62 MP: 8/8
  2844 | D:4      | Noticed Crazy Yiuf
  2877 | D:5      | Entered Level 5 of the Dungeon
  2920 | D:5      | Noticed TotoDurand's ghost (amateur DDFi)
  3056 | D:5      | Killed TotoDurand's ghost
  3056 | D:5      | Reached skill level 6 in Axes
  3287 | D:5      | Reached skill level 7 in Axes
  3870 | D:5      | Found a staircase to the Ecumenical Temple.
  3879 | Temple   | Entered the Ecumenical Temple
  3892 | Temple   | Became a worshipper of Cheibriados the Contemplative
  4204 | D:5      | Reached XP level 9. HP: 31/68 MP: 9/9
  4489 | D:6      | Reached skill level 8 in Axes
  4682 | D:6      | Reached * piety under Cheibriados
  4771 | D:6      | Reached skill level 9 in Axes
  4789 | D:6      | Noticed TotoDurand's ghost (novice DDFi)
  4813 | D:6      | Killed TotoDurand's ghost
  5564 | D:7      | Found a hide-covered altar of Uskayaw.
  5585 | D:7      | Reached skill level 10 in Axes
  5587 | D:7      | Reached XP level 10. HP: 52/74 MP: 10/10
  5706 | D:7      | Found an iron altar of Okawaru.
  5843 | D:7      | Reached ** piety under Cheibriados
  5850 | D:7      | Reached skill level 1 in Invocations
  6191 | D:8      | Found a bloodstained altar of Trog.
  6221 | D:8      | Found a flagged portal.
  6249 | Bailey   | Entered a bailey
  6520 | Bailey   | Reached skill level 1 in Dodging
  6533 | Bailey   | Noticed an orc sorcerer
  6533 | Bailey   | Found an iron altar of Okawaru.
  6533 | Bailey   | Noticed a kobold demonologist
  6553 | Bailey   | Killed an orc sorcerer
  6564 | Bailey   | Killed a kobold demonologist
  6860 | Bailey   | Identified the Almanac of Companions
  6929 | Bailey   | Reached *** piety under Cheibriados
  7466 | Bailey   | Reached skill level 11 in Axes
  7563 | D:8      | Noticed Zorot's ghost (novice TeFE)
  7580 | D:8      | Killed Zorot's ghost
  7797 | D:8      | Reached XP level 11. HP: 79/82 MP: 12/14
  7810 | D:8      | Noticed Joseph
  7840 | D:8      | Killed Joseph
  8069 | D:8      | Reached **** piety under Cheibriados
  8237 | D:9      | Found a stormy altar of Qazlal.
  8981 | D:9      | Found a sacrificial altar of Ru.
  8981 | D:9      | Found an opulent altar of Gozag.
  9445 | D:10     | Entered Level 10 of the Dungeon
  9453 | D:10     | Reached ***** piety under Cheibriados
  9737 | D:10     | Reached skill level 5 in Invocations
 10193 | D:10     | Reached skill level 12 in Axes
 10229 | D:10     | Noticed a hill giant
 10243 | D:10     | Killed a hill giant
 10407 | D:11     | Noticed a hill giant
 10485 | D:10     | Noticed an unseen horror
 10525 | D:10     | Killed an unseen horror
 10555 | D:11     | Found a staircase to the Orcish Mines.
 10555 | D:11     | Noticed Erica
 10752 | D:11     | Noticed a manticore
 10752 | D:11     | Killed Erica
 10752 | D:11     | Reached XP level 12. HP: 91/91 MP: 16/16
 10759 | D:11     | Noticed Erolcha
 10935 | D:11     | Reached skill level 5 in Dodging
 11290 | D:11     | Killed Erolcha
 11353 | D:11     | Noticed Gastronok
 11390 | D:11     | Killed Gastronok
 11390 | D:11     | Reached skill level 13 in Axes
 11441 | D:11     | Found a shattered altar of Ashenzari.
 11789 | D:11     | Reached XP level 13. HP: 99/100 MP: 18/18
 11896 | D:12     | Noticed Maurice
 11903 | D:12     | Killed Maurice
 11966 | D:12     | Gained mutation: You are partially covered in large bone plates. (SH +4) [potion of beneficial mutation]
 12015 | D:12     | Noticed a five-headed hydra
 12020 | D:12     | Killed a two-headed hydra
 12059 | D:12     | Reached ****** piety under Cheibriados
 12205 | D:12     | Noticed Kirke
 12234 | D:12     | Killed Kirke
 12263 | D:12     | Reached skill level 14 in Axes
 12594 | D:13     | Found a frozen archway.
 12630 | IceCv    | Entered an ice cave
 13074 | IceCv    | Got jewelled ice dragon scales
 13136 | D:13     | Noticed a centaur warrior
 13160 | D:13     | Killed a centaur warrior
 13290 | D:13     | Reached skill level 10 in Fighting
 13353 | D:13     | Reached XP level 14. HP: 95/110 MP: 20/20
 13358 | D:13     | Found a gate to the Vaults.
 13402 | D:13     | Reached skill level 10 in Armour
 13759 | D:11     | Identified the +5 ice dragon scales "Hownipt" {rF- rC++ Dex+2} (You found it in an ice cave)
 13778 | D:11     | Found a staircase to the Lair.
 13832 | Lair:1   | Entered Level 1 of the Lair of Beasts
 13995 | Lair:1   | Reached skill level 15 in Axes
 14217 | Lair:1   | Found a dark tunnel.
 14227 | Volcano  | Entered a volcano
 14255 | Volcano  | Found a burning altar of Makhleb.
 14258 | Volcano  | Noticed a red draconian
 14289 | Volcano  | Killed a red draconian
 14289 | Volcano  | Reached skill level 10 in Invocations
 14693 | Lair:2   | Noticed Zorot's ghost (journeyman DsBe)
 14710 | Lair:2   | Killed Zorot's ghost
 14873 | Lair:2   | Found a staircase to the Snake Pit.
 15031 | Lair:2   | Found a staircase to the Swamp.
 15205 | Lair:3   | Noticed TotoDurand's ghost (journeyman VSFi)
 15212 | Lair:3   | Killed TotoDurand's ghost
 15420 | Lair:3   | Reached XP level 15. HP: 108/118 MP: 22/22
 16174 | Lair:4   | Found a radiant altar of Vehumet.
 16823 | Lair:5   | Found a staircase to the Slime Pits.
 16930 | Lair:5   | Reached skill level 16 in Axes
 17437 | Lair:6   | Entered Level 6 of the Lair of Beasts
 17676 | Lair:6   | Noticed Rupert
 17709 | Lair:6   | Killed Rupert
 17949 | Lair:6   | Reached XP level 16. HP: 127/127 MP: 24/24
 18725 | Lair:3   | You fall through a shaft for 2 floors!
 18944 | Orc:1    | Entered Level 1 of the Orcish Mines
 19531 | Orc:2    | Entered Level 2 of the Orcish Mines
 19550 | Orc:2    | Found Taken's Weapon Boutique.
 19553 | Orc:2    | Found a staircase to the Elven Halls.
 19823 | Orc:1    | Noticed Fannar
 19839 | Orc:1    | Killed Fannar
 19898 | Orc:2    | Found Fyalim's Magic Scroll Shoppe.
 19914 | Orc:2    | Bought a scroll of magic mapping for 52 gold pieces
 19920 | Orc:2    | Found Moitiga's Antique Weapon Boutique.
 19956 | Orc:2    | Found a roughly hewn altar of Beogh.
 20057 | Orc:2    | Reached skill level 10 in Dodging
 20068 | Orc:2    | Reached skill level 17 in Axes
 20069 | Orc:2    | Found Izuqimpu's Food Boutique.
 20095 | Orc:2    | Found Asusk's Assorted Antiques.
 20096 | Orc:2    | Found Ykitoywo's Antique Weapon Shop.
 20098 | Orc:2    | Found Yckisoeck's Weapon Shoppe.
 20108 | Orc:2    | Found Didebor's Jewellery Emporium.
 20156 | Orc:2    | Found Romohaje's Book Boutique.
 20178 | Orc:2    | Bought a book of Battle for 520 gold pieces
 20866 | D:14     | Noticed Philosophy's ghost (journeyman HOFi)
 20892 | D:14     | Killed Philosophy's ghost
 21075 | D:14     | Reached XP level 17. HP: 102/135 MP: 26/26
 21484 | D:15     | Entered Level 15 of the Dungeon
 21485 | D:15     | Found Qoygguoq's Distillery.
 21559 | D:15     | Found a staircase to the Depths.
 21853 | D:15     | Found Juodichu's Weapon Shoppe.
 22046 | D:15     | Found a deep blue altar of Sif Muna.
 22136 | D:15     | Found Weleple's Weapon Shoppe.
 22224 | D:15     | Found Rublued's Magic Scroll Emporium.
 22231 | D:15     | Bought a scroll of magic mapping for 56 gold pieces
 22285 | D:15     | Found a burning altar of Makhleb.
 22516 | Depths:1 | Entered Level 1 of the Depths
 22917 | Depths:1 | Found a gateway to Hell.
 22989 | Depths:1 | Noticed Nikola
 23012 | Depths:1 | Killed Nikola
 23027 | Depths:1 | You fall through a shaft!
 23540 | Depths:2 | Reached skill level 18 in Axes
 23615 | Depths:2 | Found a flickering gateway to a bazaar.
 23618 | Bazaar   | Entered a bazaar
 23618 | Bazaar   | Found Fodghy's Book Shop.
 23618 | Bazaar   | Found Vuaduepse's Assorted Antiques.
 23620 | Bazaar   | Found Zolera's Book Shoppe.
 23620 | Bazaar   | Found Ydghazxuss's General Store.
 23696 | Bazaar   | Bought a paperback book for 390 gold pieces
 24382 | Depths:1 | Reached XP level 18. HP: 105/143 MP: 28/28
 24902 | Depths:1 | Noticed Aizul
 24928 | Depths:1 | HP: 7/144 [poisoned by Aizul (bolt of poison)]
 24933 | Depths:1 | HP: 5/144 [poisoned by Aizul (bolt of poison)]
 24939 | Depths:1 | HP: 3/144 [poisoned by Aizul (bolt of poison)]
 24945 | Depths:1 | HP: 2/144 [poisoned by Aizul (bolt of poison)]
 24952 | Depths:1 | HP: 2/144 [poisoned by Aizul (bolt of poison)]
 24960 | Depths:1 | HP: 2/144 [poisoned by Aizul (bolt of poison)]
 24970 | Depths:1 | HP: 4/144 [poisoned by Aizul (bolt of poison)]
 24976 | Depths:1 | HP: 5/144 [poisoned by Aizul (bolt of poison)]
 24982 | Depths:1 | HP: 6/144 [poisoned by Aizul (bolt of poison)]
 25501 | Depths:1 | Killed Aizul
 25873 | Depths:1 | Found a one-way gate leading to the halls of Pandemonium.
 27634 | Depths:2 | HP: 6/146 [yaktaur/bolt (11)]
 28012 | Depths:2 | Found a gateway to a ziggurat.
 28408 | Snake:1  | Entered Level 1 of the Snake Pit
 28592 | Snake:1  | Reached XP level 19. HP: 140/152 MP: 29/29
 29245 | Snake:2  | Reached skill level 19 in Axes
 31627 | Snake:3  | Reached XP level 20. HP: 150/161 MP: 30/30
 31863 | Snake:3  | Reached skill level 15 in Fighting
 32051 | Snake:4  | Entered Level 4 of the Snake Pit
 32295 | Snake:4  | Reached skill level 20 in Axes
 32632 | Snake:4  | Reached skill level 15 in Armour
 32649 | Snake:4  | Reached skill level 10 in Shields
 33876 | Snake:4  | Got a serpentine rune of Zot
 34260 | Snake:4  | Reached XP level 21. HP: 163/168 MP: 31/31
 34618 | Elf:1    | Entered Level 1 of the Elven Halls
 34622 | Elf:1    | Noticed Frances
 34640 | Elf:1    | Killed Frances
 34927 | Elf:1    | Reached skill level 15 in Shields
 35098 | Elf:2    | Noticed Saint Roka
 35140 | Elf:2    | Killed Saint Roka
 35675 | Elf:2    | Learned a level 2 spell: Shroud of Golubria
 35679 | Elf:2    | Learned a level 3 spell: Spectral Weapon
 35683 | Elf:2    | Learned a level 3 spell: Regeneration
 35688 | Elf:2    | Learned a level 4 spell: Throw Icicle
 35864 | Elf:2    | Found a runed gate.
 35864 | Elf:2    | Found a runed gate.
 35865 | Elf:2    | Found a runed gate.
 35902 | Elf:2    | Reached skill level 15 in Invocations
 36086 | Elf:2    | Noticed Agnes
 36103 | Elf:2    | Killed Agnes
 36550 | Elf:3    | Entered Level 3 of the Elven Halls
 36686 | Elf:3    | Reached skill level 1 in Conjurations
 36686 | Elf:3    | Reached skill level 1 in Charms
 36694 | Elf:3    | Reached skill level 1 in Spellcasting
 36726 | Elf:3    | Found Iceit's Magic Scroll Boutique.
 36735 | Elf:3    | Bought a scroll of magic mapping for 59 gold pieces
 36807 | Elf:3    | Reached XP level 22. HP: 168/175 MP: 34/34
 37103 | Elf:3    | HP: 6/175 [deep elf annihilator/bolt of lightning (48)]
 37561 | Elf:3    | Got a glittering lapis lazuli ring
 37603 | Elf:3    | Identified the ring of the Monkey's Uncle {rN+ MP-9 Str+5 Stlth-} (You took it off a deep elf elementalist on level 3 of the Elven Halls)
 37607 | Elf:3    | Got a coiled crystal amulet
 37609 | Elf:3    | Identified the amulet "Nyoruup" {Inacc rElec rF+ MR- Int+4} (You found it on level 3 of the Elven Halls)
 37974 | Elf:3    | Reached skill level 5 in Charms
 37976 | Elf:3    | Reached skill level 5 in Spellcasting
 38501 | Swamp:1  | Entered Level 1 of the Swamp
 38501 | Swamp:1  | Noticed danny2772's ghost (novice OgBe)
 38515 | Swamp:1  | Killed danny2772's ghost
 38639 | Swamp:1  | Reached skill level 5 in Conjurations
 39358 | Swamp:2  | Identified the +0 pair of boots "Vetawa" {rElec} (You found it on level 2 of the Swamp)
 39668 | Swamp:3  | Reached skill level 1 in Necromancy
 39670 | Swamp:3  | Reached skill level 1 in Translocations
 39719 | Swamp:3  | Reached skill level 1 in Hexes
 40161 | Swamp:4  | Entered Level 4 of the Swamp
 40351 | Swamp:4  | Reached XP level 23. HP: 163/181 MP: 32/35
 40632 | Swamp:4  | Noticed the 27-headed Lernaean hydra
 40766 | Swamp:4  | Killed the 13-headed Lernaean hydra
 40793 | Swamp:4  | Got a decaying rune of Zot
 41365 | Vaults:1 | Entered Level 1 of the Vaults
 42425 | Vaults:1 | Reached skill level 15 in Dodging
 42447 | Vaults:1 | Got an ichor-stained cloak
 42453 | Vaults:1 | Identified the +2 cloak "Caynuov" {Int+3} (You acquired it on level 1 of the Vaults)
 42756 | Vaults:2 | Learned a level 6 spell: Statue Form
 42829 | Vaults:2 | Gained mutation: You are surrounded by a mild repulsion field. (EV +2) [potion of beneficial mutation]
 42830 | Vaults:2 | Gained mutation: You possess an exceptional clarity of mind. [potion of beneficial mutation]
 42951 | Vaults:2 | Found a staircase to the Crypt.
 43469 | Vaults:2 | Reached XP level 24. HP: 188/188 MP: 35/35
 43486 | Vaults:2 | Reached skill level 1 in Transmutations
 43486 | Vaults:2 | Reached skill level 1 in Earth Magic
 43638 | Crypt:1  | Entered Level 1 of the Crypt
 44000 | Crypt:1  | Found an ancient bone altar of Kikubaaqudgha.
 44265 | Crypt:2  | Reached skill level 5 in Earth Magic
 44365 | Crypt:2  | Found an ancient bone altar of Kikubaaqudgha.
 44449 | Crypt:2  | Reached skill level 5 in Transmutations
 44482 | Crypt:2  | Learned a level 4 spell: Iskenderun's Mystic Blast
 44785 | Crypt:3  | Entered Level 3 of the Crypt
 45328 | Crypt:3  | Noticed an ancient lich
 45342 | Crypt:3  | Killed an ancient lich
 45351 | Crypt:3  | Found a staircase to the Tomb.
 45402 | Crypt:3  | Found an ancient bone altar of Kikubaaqudgha.
 45417 | Crypt:3  | Noticed an ancient lich
 45426 | Crypt:3  | Killed an ancient lich
 45449 | Crypt:3  | Identified the Tome of Necromancy
 45460 | Crypt:3  | Noticed an ancient lich
 45478 | Crypt:3  | Killed an ancient lich
 45494 | Crypt:3  | Learned a level 1 spell: Corona
 45507 | Crypt:3  | Learned a level 6 spell: Iron Shot
 45827 | Crypt:3  | Reached XP level 25. HP: 161/194 MP: 33/35
 45957 | Crypt:3  | Identified the ring "Gapuplobea" {rPois rN+} (You found it on level 3 of the Crypt)
 45960 | Crypt:3  | Identified the ring of the Jolly Lives {*Corrode +Inv rN+ Dex+4} (You found it on level 3 of the Crypt)
 45964 | Crypt:3  | Got a clouded bone ring
 45966 | Crypt:3  | Identified the ring of Dyas {rN+ Str+3 Int+4} (You found it on level 3 of the Crypt)
 46554 | Vaults:3 | Reached skill level 10 in Earth Magic
 47043 | Vaults:3 | Learned a level 5 spell: Iskenderun's Battlesphere
 47585 | Vaults:3 | Reached skill level 10 in Transmutations
 48668 | Vaults:5 | Entered Level 5 of the Vaults
 48679 | Vaults:5 | Reached XP level 26. HP: 153/201 MP: 30/35
 48811 | Vaults:5 | Reached skill level 10 in Conjurations
 48975 | Vaults:5 | Reached skill level 10 in Spellcasting
 49692 | Vaults:5 | Reached XP level 27. HP: 207/207 MP: 37/37
 49873 | Vaults:5 | Got a silver rune of Zot
 50279 | Orc:2    | Bought Ludoatz's Testament of the Prophet for 1007 gold pieces
 50287 | Orc:2    | Learned a level 7 spell: Orb of Destruction
 50893 | Depths:3 | Noticed Mennas
 50893 | Depths:3 | Noticed the Enchantress
 51080 | Depths:3 | Found Neklounk's Jewellery Emporium.
 51080 | Depths:3 | Found Ogatypsy's Gadget Boutique.
 51081 | Depths:3 | Found Xaecat Jixo's Gadget Boutique.
 51254 | Depths:3 | Found Vuckino's Food Shoppe.
 51356 | Depths:3 | Killed Mennas
 51613 | Depths:3 | Noticed a juggernaut
 51626 | Depths:3 | Killed a juggernaut
 51850 | Depths:3 | Identified the ring of the Archfiend {Str+3 Dex+5} (You found it on level 3 of the Depths)
 53368 | Depths:3 | Noticed a juggernaut
 53379 | Depths:3 | Killed a juggernaut
 53553 | Depths:4 | Reached skill level 15 in Conjurations
 53845 | Depths:4 | Found a one-way gate to the infinite horrors of the Abyss.
 53852 | Depths:5 | Entered Level 5 of the Depths
 53884 | Depths:5 | Killed the Enchantress
 54251 | Depths:5 | Found Dinnurosk's Armour Boutique.
 54780 | Depths:5 | Found a gate to the Realm of Zot.
 54915 | Zot:1    | Entered Level 1 of the Realm of Zot
 54998 | Zot:1    | Reached skill level 15 in Spellcasting
 55558 | Zot:1    | Noticed an orb of fire
 55575 | Zot:1    | Gained mutation: Your magical capacity is low. (-10% MP) [an orb of fire]
 55577 | Zot:1    | Killed an orb of fire
 56052 | Zot:2    | Reached skill level 15 in Earth Magic
 57639 | Zot:3    | Reached skill level 5 in Necromancy
 58140 | Lair:1   | Learned a level 8 spell: Death's Door
 58149 | Lair:1   | Learned a level 8 spell: Borgnjor's Revivification
 58255 | Slime:1  | Entered Level 1 of the Pits of Slime
 58349 | Lair:1   | Learned a level 2 spell: Repel Missiles
 58579 | Slime:2  | Gained mutation: Your magical capacity is very low. (-20% MP) [a shining eye]
 58580 | Slime:2  | Gained mutation: You are weak. (Str -2) [a shining eye]
 58591 | Slime:2  | Gained mutation: Your body sometimes deteriorates upon taking damage. [a shining eye]
 59056 | Slime:5  | Entered Level 5 of the Pits of Slime
 59086 | Slime:5  | Reached skill level 10 in Charms
 59207 | Slime:5  | Noticed the Royal Jelly
 59222 | Slime:5  | Killed the Royal Jelly
 59222 | Slime:5  | Reached skill level 10 in Necromancy
 59308 | Slime:5  | Identified the Catalogue of Weightlessness
 59349 | Slime:5  | Got a slimy rune of Zot
 59401 | Slime:5  | Identified the Volume of Lightness and Ice
 59411 | Slime:5  | Identified the Disquisition on Displaced Beguiling
 60929 | Zot:5    | Entered Level 5 of the Realm of Zot
 61168 | Zot:5    | Noticed an orb of fire
 61188 | Zot:5    | Gained mutation: Your magical capacity is extremely low. (-30% MP) [an orb of fire]
 61189 | Zot:5    | Killed an orb of fire
 62085 | Tomb:1   | Entered Level 1 of the Tomb of the Ancients
 62319 | Tomb:1   | Noticed a greater mummy
 62333 | Tomb:1   | Noticed Khufu
 62335 | Tomb:1   | Killed a greater mummy
 62349 | Tomb:1   | Killed Khufu
 63028 | Tomb:1   | Noticed a greater mummy
 63036 | Tomb:1   | Killed a greater mummy
 63045 | Tomb:1   | Noticed a greater mummy
 63054 | Tomb:1   | Killed a greater mummy
 63214 | Tomb:2   | Noticed an ancient lich
 63215 | Tomb:2   | Noticed a greater mummy
 63216 | Tomb:2   | Noticed a greater mummy
 63221 | Tomb:2   | Noticed a greater mummy
 63784 | Hell     | Entered the Vestibule of Hell
 63784 | Hell     | Noticed Geryon
 63832 | Hell     | HP: 11/273 [reaper/scythe of venom (34)]
 63837 | Hell     | HP: 8/273 [hell hog/fireball (3)]
 63837 | Hell     | Killed from afar by a smoke demon

Skill      XL: |  1  2  3  4  5  6  7  8  9 10 11 12 13 14 15 16 17 18 19 20 21 22 23 24 25 26 27 |
---------------+----------------------------------------------------------------------------------+-----
Axes           | 3 4 5 7 10 11 12 13 14 15 16 17 18 19 20 | 20.0
Shields        | 4 5 7 9 13 16 | 16.3
Fighting       | 4 5 6 7 8 10 11 12 13 14 15 17 | 17.0
Armour         | 4 5 6 7 8 9 10 11 12 13 14 15 19 | 19.1
Invocations    | 4 5 7 9 10 11 12 13 14 16 | 16.2
Dodging        | 2 4 6 7 8 9 10 11 12 13 17 18 | 18.0
Conjurations   | 2 5 7 9 11 17 | 17.0
Charms         | 2 6 9 14 | 14.4
Spellcasting   | 2 7 8 10 16 | 16.0
Necromancy     | 2 4 14 | 14.5
Translocations | 2 4 |  4.0
Hexes          | 2 4 |  4.2
Transmutations | 8 10 12 13 | 13.0
Earth Magic    | 9 12 14 16 | 16.0

Action                   |  1- 3 |  4- 6 |  7- 9 | 10-12 | 13-15 | 16-18 | 19-21 | 22-24 | 25-27 || total
-------------------------+-------+-------+-------+-------+-------+-------+-------+-------+-------++-------
Melee: War axe           |    83 |   168 |   264 |       |   251 |  1117 |       |   181 |       ||  2064
       Hand axe          |       |       |    88 |   861 |  1027 |       |       |       |       ||  1976
       Scimitar          |       |       |       |       |     4 |       |       |       |       ||     4
       Battleaxe         |       |       |       |       |       |   431 |  1352 |  1315 |  3314 ||  6412
       Staff             |       |       |       |       |       |       |       |       |    56 ||    56
Throw: Tomahawk          |       |       |     2 |       |       |     1 |       |       |       ||     3
 Cast: Shroud of Golubri |       |       |       |       |       |       |     2 |    41 |    65 ||   108
       Spectral Weapon   |       |       |       |       |       |       |       |    93 |   189 ||   282
       Regeneration      |       |       |       |       |       |       |       |    41 |   108 ||   149
       Throw Icicle      |       |       |       |       |       |       |       |     9 |    19 ||    28
       Iron Shot         |       |       |       |       |       |       |       |       |    83 ||    83
       Iskenderun's Batt |       |       |       |       |       |       |       |       |    21 ||    21
       Statue Form       |       |       |       |       |       |       |       |       |    14 ||    14
       Orb of Destructio |       |       |       |       |       |       |       |       |    38 ||    38
       Repel Missiles    |       |       |       |       |       |       |       |       |     2 ||     2
       Corona            |       |       |       |       |       |       |       |       |     1 ||     1
Invok: Bend Time         |       |       |       |     2 |     2 |     3 |     2 |       |     3 ||    12
       Temporal Distorti |       |       |       |     2 |       |     1 |     3 |     3 |     8 ||    17
       Step From Time    |       |       |       |       |       |    10 |       |     3 |     9 ||    22
       Slouch            |       |       |       |       |       |       |     1 |       |     1 ||     2
 Abil: Dig               |     1 |     2 |     5 |    17 |    20 |    32 |    43 |     4 |    36 ||   160
       Shaft Self        |       |       |       |       |       |     1 |       |       |       ||     1
       Evoke Flight      |       |       |       |       |       |       |       |     2 |       ||     2
       Stop Flying       |       |       |       |       |       |       |       |     1 |       ||     1
       End Transformatio |       |       |       |       |       |       |       |       |     4 ||     4
Evoke: Phial of floods   |       |       |       |       |       |       |       |     2 |     3 ||     5
  Use: Scroll            |       |       |       |     5 |    16 |     9 |     8 |     8 |    18 ||    64
       Potion            |       |       |       |       |     4 |     6 |     2 |     2 |     2 ||    16
 Stab: Sleeping          |       |       |       |       |       |     1 |       |       |       ||     1
       Distracted        |       |       |       |       |       |     2 |     2 |    19 |    54 ||    77
       Petrified         |       |       |       |       |       |       |       |       |     2 ||     2
       Petrifying        |       |       |       |       |       |       |       |       |     1 ||     1
  Eat: Chunk             |       |     5 |     6 |    13 |    16 |    18 |    20 |     5 |    28 ||   111
       Meat ration       |       |       |     1 |       |       |     1 |       |     1 |     4 ||     7
       Beef jerky        |       |       |       |       |       |     1 |     1 |     5 |     7 ||    14
       Royal jelly       |       |       |       |       |       |     1 |       |     3 |     1 ||     5
       Pizza             |       |       |       |       |       |       |       |       |     2 ||     2
Armor: Scale mail        |    36 |    51 |    94 |    19 |       |       |       |       |       ||   200
       Plate armour      |       |       |       |   156 |   253 |   124 |   115 |   287 |   573 ||  1508
       Quicksilver drago |       |       |       |       |       |    75 |       |       |       ||    75
       Fire dragon scale |       |       |       |       |       |       |    25 |       |       ||    25
       Skin              |       |       |       |       |       |       |       |       |    99 ||    99
Dodge: Dodged            |    27 |    49 |    77 |   194 |   364 |   559 |   347 |   533 |  1642 ||  3792
       Deflected         |       |       |       |       |       |       |       |       |    10 ||    10
Block: Shield            |    40 |    90 |   147 |   370 |   818 |  1060 |   470 |       |       ||  2995
       Reflection        |       |       |       |       |       |    43 |   181 |    62 |     9 ||   295
       Large shield      |       |       |       |       |       |       |   845 |  1752 |  4173 ||  6770
